 Dungeon Crawl Stone Soup version 0.25-a0-632-g7713895373 (webtiles) character file.

Game seed: 1923477213852865687, levelgen mode: deterministic

212 kae the Insei (level 5, 0/43 HPs)
             Began as a Demonspawn Monk on Mar 19, 2020.
             Was a Believer of Wu Jian.
             Slain by a bullfrog (4 damage)
             ... on level 6 of the Dungeon.
             The game lasted 00:04:33 (3169 turns).

kae the Insei (Demonspawn Monk)                     Turns: 3169, Time: 00:04:34

Health: 0/43       AC:  5    Str: 13    XL:     5   Next: 58%
Magic:  5/5        EV: 13    Int: 11    God:    Wu Jian [**....]
Gold:   172        SH:  0    Dex: 15    Spells: 4/4 levels left

rFire    . . .     SeeInvis .     - Unarmed
rCold    . . .     Gourm    .   (no shield)
rNeg     . . .     Faith    .   a - +0 robe
rPois    .         Spirit   .   c - +0 helmet
rElec    .         Reflect  .   o - +0 cloak
rCorr    .         Harm     .   (no gloves)
MR       .....                  l - +0 pair of boots
Stlth    +++.......             (no amulet)
HPRegen  0.14/turn              (no ring)
MPRegen  0.09/turn              (no ring)

@: no status effects
A: hooves 1, nightstalker 1
a: Wall Jump, Renounce Religion


You were on level 6 of the Dungeon.
You worshipped Wu Jian.
Wu Jian was pleased with you.
You were very hungry.

You visited 1 branch of the dungeon, and saw 4 of its levels.

You collected 172 gold pieces.

Inventory:

Armour
 a - a +0 robe (worn)
 c - a +0 helmet (worn)
 l - a +0 pair of boots (worn)
 o - a +0 cloak (worn)
Jewellery
 i - an uncursed ring of flight
 m - a cursed -6 ring of evasion {unknown}
Scrolls
 f - a scroll of amnesia
 g - a scroll of teleportation
 n - a scroll of enchant armour {unknown}
 q - a scroll of identify
Potions
 d - 2 potions of lignification
 e - 2 potions of might {unknown}
 h - a potion of berserk rage {unknown}
 j - a potion of heal wounds {unknown}
 k - a potion of degeneration {unknown}
 p - a potion of haste {unknown}
 r - a potion of flight {unknown}
Comestibles
 b - 2 rations


   Skills:
 + Level 4.3 Fighting
 - Level 2.6 Dodging
 - Level 1.7 Stealth
 * Level 5.0 Unarmed Combat


You had 4 spell levels left.
You didn't know any spells.
Your spell library was empty.

Dungeon Overview and Level Annotations

Branches:
Dungeon (3/15)

Altars:
Makhleb
Wu Jian
The Shining One


Innate Abilities, Weirdness & Mutations

You have large cloven feet.
You are slightly more attuned to the shadows.


Message History

You barely miss the bullfrog. The bullfrog closely misses you.
You hit the bullfrog.
The bullfrog is lightly wounded.
The bullfrog completely misses you. The bullfrog barely misses you.
You hit the bullfrog but do no damage.
The bullfrog is lightly wounded.
The bullfrog completely misses you.
You closely miss the bullfrog.
The bullfrog is lightly wounded.
The bullfrog hits you.
* * * LOW HITPOINT WARNING * * *
The crimson imp blinks!
You hit the bullfrog.
The bullfrog is moderately wounded.
The bullfrog barely misses you. The bullfrog hits you.
* * * LOW HITPOINT WARNING * * *
You barely miss the bullfrog.
The bullfrog is moderately wounded.
The bullfrog hits you.
You die...

##.# .#.# >..
..# #.# ####.
#.# ...... #@#
.......###F#
.........#S#####
...............#
(..............#
...............#
..........5....#
...............#
..?............#


You could see a bullfrog, a crimson imp and an adder.

Vanquished Creatures
  A hungry ghost (D:6)
  2 adders (D:2)
  An ooze (D:1)
  4 worms
  4 leopard geckos
  2 orcs (D:3)
  A giant cockroach (D:1)
  4 goblins
  4 hobgoblins
  A quokka (D:2)
  6 bats
  6 frilled lizards
  6 kobolds
  4 rats
46 creatures vanquished.

Vanquished Creatures (others)
  A jackal (D:3)
1 creature vanquished.

Grand Total: 47 creatures vanquished

Notes
Turn   | Place    | Note
-------+----------+-------------------------------------------
     0 | D:1      | kae the Demonspawn Monk began the quest for the Orb.
     0 | D:1      | Reached XP level 1. HP: 18/18 MP: 1/1
    83 | D:1      | Reached skill level 3 in Unarmed Combat
   308 | D:1      | Gained mutation: You have large cloven feet. [demonic
                  | ancestry]
   308 | D:1      | Reached XP level 2. HP: 24/24 MP: 2/2
   779 | D:2      | Found a glowing golden altar of the Shining One.
   904 | D:2      | Gained mutation: You are slightly more attuned to the
                  | shadows. [demonic ancestry]
   904 | D:2      | Reached XP level 3. HP: 29/29 MP: 3/3
  1615 | D:2      | Found an ornate altar of the Wu Jian Council.
  1933 | D:2      | Became a worshipper of the Wu Jian Council
  1933 | D:2      | Reached * piety under Wu Jian
  1933 | D:2      | Reached ** piety under Wu Jian
  2171 | D:2      | Found a burning altar of Makhleb.
  2369 | D:2      | Reached skill level 4 in Unarmed Combat
  2369 | D:2      | Reached XP level 4. HP: 37/37 MP: 4/4
  3023 | D:3      | You fall into a shaft and drop 3 floors!
  3026 | D:6      | Noticed a hungry ghost
  3064 | D:6      | Killed a hungry ghost
  3064 | D:6      | Reached skill level 5 in Unarmed Combat
  3064 | D:6      | Reached XP level 5. HP: 22/43 MP: 5/5
  3169 | D:6      | Slain by a bullfrog

Levels and vault maps discovered:
D:1:      dpeg_arrival_houses_and_road, layout_rooms
D:2:      layout_loops_ring, overflow_temple_1_default, tso_metal_star,
          lightli_temple_of_fire
D:3:      layout_basic, grunt_qazlal_clouds, kennysheep_boxes
D:6:      layout_rooms, trog_ov_bears_minmay, lemuel_doored_altar,
          minmay_temple_entry_butterflies, serial_corexii_hall,
          corexii_hall_statues_s, corexii_hall_statues_x, hangedman_decor_points

Skill      XL: |  1  2  3  4 |
---------------+-------------+-----
Unarmed Combat | 3 4 5 |  5.0
Fighting       | 4 |  4.3
Dodging        | |  2.6
Stealth        | |  1.7

Action                   |  1- 3 |  4- 6 || total
-------------------------+-------+-------++-------
Melee: Unarmed           |   185 |    78 ||   263
       Kick              |     3 |       ||     3
       Punch             |     3 |     1 ||     4
Invok: Lunge             |     1 |     3 ||     4
       Whirlwind         |       |     2 ||     2
  Use: Scroll            |     6 |       ||     6
 Stab: Sleeping          |     5 |     3 ||     8
  Eat: Chunk             |     1 |     3 ||     4
       Ration            |     1 |     2 ||     3
Armor: Robe              |    45 |    14 ||    59
Dodge: Dodged            |   115 |    42 ||   157

Table legend:
 A = Non-vault XP
 B = Vault XP
 C = Vault XP percentage of total XP
 D = Non-vault monster count
 E = Vault monster count
 F = Vault count percentage of total count
                 A         B        C        D         E       F
            +---------+---------+-------+---------+---------+-------
      Total |     303 |       0 |   0.0 |      46 |       0 |   0.0
            +---------+---------+-------+---------+---------+-------
        D:1 |      26 |       0 |   0.0 |      14 |       0 |   0.0
        D:2 |      72 |       0 |   0.0 |      24 |       0 |   0.0
        D:3 |      16 |       0 |   0.0 |       6 |       0 |   0.0
        D:6 |     189 |       0 |   0.0 |       2 |       0 |   0.0
            +---------+---------+-------+---------+---------+-------
